 Dungeon Crawl Stone Soup version 0.31-a0-889-g1a8549509d (webtiles) character file.

Game seed: 2642154543254415742

89 Newt the Trooper (level 4, -2/29 HPs)
             Began as a Gargoyle Fighter on Oct 16, 2023.
             Killed by divine providence
             ... invoked by an orc priest
              (16 damage)
             ... on level 3 of the Dungeon.
             The game lasted 00:02:53 (1891 turns).

Newt the Trooper (Gargoyle Fighter)                 Turns: 1891, Time: 00:02:54

Health: -2/29      AC: 15    Str: 22    XL:     4   Next: 55%
Magic:  4/4        EV:  6    Int:  8    God:
Gold:   69         SH: 11    Dex:  9    Spells: 3/3 levels left

rFire   . . .        a - +1 flail
rCold   . . .        g - +0 tower shield {AC+3}
rNeg    + . .        b - +0 scale mail
rPois   ∞            n - +1 helmet
rElec   +            (no cloak)
rCorr   .            (no gloves)
SInv    .            (no boots)
Will    .....        (no amulet) Stlth
                     (no ring)
HPRegen 0.24/turn    (no ring)
MPRegen 0.09/turn

%: no passive effects
@: no status effects
A: sickness immunity, AC +3, negative energy resistance 1, electricity
resistance, torment resistance 1, petrification resistance
a: no special abilities


You were on level 3 of the Dungeon.
You visited 1 branch of the dungeon, and saw 3 of its levels.

You collected 69 gold pieces.

Inventory:

Hand Weapons
 a - a +1 flail (weapon)
Armour
 b - a +0 scale mail (worn)
 c - a +1 buckler
 g - a +0 tower shield of protection (worn)
 n - a +1 helmet (worn)
Wands
 l - a wand of digging (2)
Scrolls
 e - a scroll of enchant weapon
 k - 3 scrolls of teleportation
Potions
 d - a potion of might
 f - a potion of resistance
 h - a potion of heal wounds {unknown}
 i - 2 potions of ambrosia {unknown}
 j - 2 potions of curing {unknown}
 m - 2 potions of haste {unknown}


   Skills:
 - Level 4.0 Fighting
 - Level 4.0 Maces & Flails
 + Level 3.5 Armour
 - Level 3.2 Shields


You had 3 spell levels left.
You didn't know any spells.
Your spell library was empty.

Dungeon Overview and Level Annotations

Branches:
Dungeon (3/15)

Altars:


Innate Abilities, Weirdness & Mutations

You are immune to sickness and miasma.
Your stone body is resilient. (AC +3)
You are immune to poison.
You resist negative energy. (rN+)
You are resistant to electric shocks. (rElec)
You are resistant to unholy torment.
You are immune to petrification.


Message History

An orc priest is nearby!
A rat and an orc come into view.
The orc shouts!
An orc wizard comes into view. It is wielding a +0 dagger.
The orc moves out of view.
There is a stone staircase leading up here.
The orc priest begins to cast a cantrip, but forgets the words!
You block the rat's attack.
You climb upwards.
There is a stone staircase leading down here.
You sock the rat!
You kill the rat!
No target in view!
No target in view!
No target in view!
No target in view!
You start resting.
HP restored.
You climb downwards.
You block the orc's attack.
There is a stone staircase leading up here.
You barely miss the orc. You block the orc's attack.
The orc wizard gestures at you while chanting.
The magic dart hits you but does no damage.
The orc hits you but does no damage.
You closely miss the orc priest. You block the orc's attack.
The orc priest hits you but does no damage.
The orc wizard gestures at you while chanting.
The magic dart hits you but does no damage.
You hit the orc priest but do no damage.
The orc hits you with a +0 whip. The orc priest barely misses you.
You block the orc's attack.
The orc priest calls down the wrath of Beogh upon you.
Beogh smites you!
You are too injured to fight recklessly!
Unknown command.
The orc hits you but does no damage.
The orc priest calls down the wrath of Beogh upon you.
Beogh smites you!
Ouch! That really hurt!
You die...

#.# ... #.#
#.# #.# #
###.# .#
#..o#..# #
##.o@..#
#..##..o####
#.....##
.o........#
##.##.###...#
# ... ####
##. .. ##


You could see an orc priest, an orc wizard and an orc.

Vanquished Creatures
  Robin (D:2)
  3 adders (D:2)
  A dart slug (D:2)
  4 ball pythons
  4 bats
  3 endoplasms
  5 giant cockroaches
  10 goblins
  2 hobgoblins (D:2)
  4 quokkas
  2 frilled lizards (D:1)
  3 kobolds (D:1)
  3 rats
45 creatures vanquished.

Notes
Turn   | Place    | Note
-------+----------+-------------------------------------------
     0 | D:1      | Newt the Gargoyle Fighter began the quest for the Orb.
     0 | D:1      | Reached XP level 1. HP: 14/14 MP: 1/1
   122 | D:1      | Reached XP level 2. HP: 20/20 MP: 2/2
   603 | D:1      | Reached XP level 3. HP: 24/24 MP: 3/3
  1304 | D:2      | Noticed Robin
  1312 | D:2      | Killed Robin
  1313 | D:2      | Reached XP level 4. HP: 21/29 MP: 4/4
  1891 | D:3      | Killed from afar by an orc priest

Illustrated notes

Levels and vault maps discovered:
D:1:      nicolae_arrival_washed_ashore, layout_basic,
          chequers_serial_rivers_micro_a, hangedman_abyss_or_decor_stabs,
          minmay_misc_feat_chi
D:2:      layout_basic, uniq_robin
D:3:      minmay_general_purpose_star, layout_rooms, yredelemnul_altar_generic,
          minmay_puff

Skill      XL: |  1  2  3  4 |
---------------+-------------+-----
Fighting       | 4 |  4.0
Maces & Flails | 3 4 |  4.0
Armour         | |  3.5
Shields        | |  3.2

Action                     |  1- 3 |  4- 6 || total
---------------------------+-------+-------++-------
  Melee: Flail             |   113 |    45 ||   158
    Use: Scroll            |     7 |       ||     7
 Armour: Scale mail        |    86 |    38 ||   124
  Dodge: Dodged            |    60 |    15 ||    75
  Block: Buckler           |    27 |       ||    27
         Tower shield      |    12 |    44 ||    56

Table legend: (Time is in decaauts)
 A = Elapsed time spent in this place.
 B = Non-inter-level travel time spent in this place.
 C = Inter-level travel time spent in this place.
 D = Time resting spent in this place.
 E = Time spent auto-exploring this place.
 F = Levels seen in this place.
 G = Mean time per level.
                   A        B        C        D        E       F      G
               +--------+--------+--------+--------+--------+-----+--------+
         Total |   1950 |   1887 |     63 |    187 |   1325 |   3 |  650.0 |
       Dungeon |   1950 |   1887 |     63 |    187 |   1325 |   3 |  650.0 |
               +--------+--------+--------+--------+--------+-----+--------+

Top non-repeatable levels by time:
     D:2: 1051 daAuts
     D:1: 881 daAuts
     D:3: 17 daAuts
